 Dungeon Crawl Stone Soup version 0.28.0-45-g0d030f2227 (webtiles) character file.

Game seed: 17989050167898333174

313 Peloso the Slasher (level 6, -7/53 HPs)
             Began as a Minotaur Fighter on Apr 3, 2022.
             Mangled by an orc warrior
             ... wielding a +0 vorpal flail
              (11 damage)
             ... on level 4 of the Dungeon.
             The game lasted 00:04:33 (2349 turns).

Peloso the Slasher (Minotaur Fighter)               Turns: 2349, Time: 00:04:34

Health: -7/53      AC:  9    Str: 20    XL:     6   Next: 19%
Magic:  5/5        EV:  7    Int:  5    God:
Gold:   180        SH:  5    Dex: 12    Spells: 5/5 levels left

rFire   . . .      SeeInvis .   a - +0 long sword
rCold   . . .      Faith    .   c - +0 buckler
rNeg    . . .      Spirit   .   m - +0 chain mail
rPois   .          Reflect  .   (helmet restricted)
rElec   .          Harm     .   (no cloak)
rCorr   .          Rampage  .   (no gloves)
Will    .....                   (no boots)
Stlth   ..........              (no amulet)
HPRegen 0.17/turn               (no ring)
MPRegen 0.09/turn               (no ring)

@: no status effects
A: horns 2, retaliatory headbutt
a: no special abilities


You were on level 4 of the Dungeon.
You visited 1 branch of the dungeon, and saw 4 of its levels.

You collected 180 gold pieces.

Inventory:

Hand Weapons
 a - a +0 long sword (weapon)
Armour
 b - a +0 scale mail
 c - a +0 buckler (worn)
 m - a +0 chain mail (worn)
Scrolls
 e - a scroll of enchant weapon {unknown}
 f - a scroll of torment {unknown}
 h - a scroll of holy word {unknown}
 i - a scroll of silence {unknown}
 j - a scroll of summoning
 n - a scroll of fog {unknown}
Potions
 d - a potion of might
 g - a potion of haste
 l - a potion of brilliance {unknown}


   Skills:
 + Level 4.5 Fighting
 + Level 5.6 Long Blades
 + Level 4.9 Armour
 + Level 1.1 Dodging
 + Level 4.6 Shields


You had 5 spell levels left.
You didn't know any spells.
Your spell library contained the following spells:

 Spells                   Type           Power      Damage    Failure   Level
 Pain                     Necr           0%         1d4       100%        1


Dungeon Overview and Level Annotations

Branches:
Dungeon (4/15)
 Temple: D:4-7

Altars:
Sif Muna


Innate Abilities, Weirdness & Mutations

You have a pair of horns on your head.
You reflexively headbutt those who attack you in melee.


Message History

The magic dart hits you.
The orc wizard points at you and mumbles some strange words.
The magic dart hits you but does no damage.
You bump into the rock wall.
The orc wizard hits you but does no damage.
You miss the orc wizard. Your headbutt misses the orc wizard.
The orc wizard hits you with a +0 dagger.
You miss the orc wizard.
An orc warrior comes into view. It is wielding a +0 vorpal flail.
You feel less confused. You block the orc wizard's attack.
You hit the orc warrior. You headbutt the orc warrior.
The orc warrior is moderately wounded.
The orc wizard barely misses you. The orc warrior completely misses you.
You furiously retaliate!
You headbutt the orc warrior. You closely miss the orc warrior.
You headbutt the orc warrior.
The orc warrior is severely wounded.
You block the orc wizard's attack.
The orc warrior hits you with a +0 vorpal flail!
You barely miss the orc warrior.
The orc warrior is severely wounded.
The orc wizard closely misses you. You furiously retaliate!
You headbutt the orc wizard, but do no damage.
The orc warrior hits you with a +0 vorpal flail!!
* * * LOW HITPOINT WARNING * * *
You block the orc wizard's attack.
Unknown command.
You hit the orc warrior.
The orc warrior is severely wounded.
The orc warrior barely misses you. You block the orc wizard's attack.
Unknown command.
You hit the orc warrior.
The orc warrior is almost dead.
The orc warrior hits you with a +0 vorpal flail!
* * * LOW HITPOINT WARNING * * *
x2 The orc wizard gestures at you while chanting.
The magic dart hits you.
* * * LOW HITPOINT WARNING * * *
The orc warrior hits you with a +0 vorpal flail!
You die...

#...######.<..
#...##........
#......###...>
#....#####....
##............
####
##.######....
#._. ..###
#....
#.:.###..
#.... #..@#∩#
#####....
##.oo##
#........
##...##
#.#######
##...#####.#
##...##...#
##...#.###
#.....#
#######


You could see an orc warrior and an orc wizard.

Vanquished Creatures
  A black bear (D:4)
  A sky beast (D:3)
  6 adders
  A worm (D:2)
  4 dart slugs
  An orc (D:3)
  4 bats
  4 endoplasms
  4 giant cockroaches
  6 goblins
  8 hobgoblins
  3 jackals (D:3)
  4 kobolds
  3 quokkas
  6 ball pythons
  4 frilled lizards (D:3)
  6 rats
66 creatures vanquished.

Vanquished Creatures (others)
  A plant (D:3)
1 creature vanquished.

Grand Total: 67 creatures vanquished

Notes
Turn   | Place    | Note
-------+----------+-------------------------------------------
     0 | D:1      | Peloso the Minotaur Fighter began the quest for the Orb.
     0 | D:1      | Reached XP level 1. HP: 19/19 MP: 0/0
   127 | D:1      | Reached XP level 2. HP: 24/27 MP: 1/1
   633 | D:2      | Reached skill level 3 in Long Blades
   690 | D:2      | Reached XP level 3. HP: 27/33 MP: 2/2
  1214 | D:3      | Found a faded altar of an unknown god.
  1221 | D:3      | Got Plato's Catalogue of Black Secrets
  1355 | D:3      | Reached XP level 4. HP: 34/40 MP: 3/3
  1603 | D:3      | Reached skill level 4 in Long Blades
  1904 | D:4      | Noticed a sky beast
  1932 | D:3      | Killed a sky beast
  1933 | D:3      | Reached skill level 1 in Dodging
  1933 | D:3      | Reached XP level 5. HP: 31/47 MP: 4/4
  2096 | D:4      | Noticed a black bear
  2110 | D:4      | Killed a black bear
  2111 | D:4      | Reached skill level 5 in Long Blades
  2111 | D:4      | Reached XP level 6. HP: 21/53 MP: 5/5
  2335 | D:4      | Found a shimmering blue altar of Sif Muna.
  2343 | D:4      | Noticed an orc warrior
  2349 | D:4      | Mangled by an orc warrior

Illustrated notes

Levels and vault maps discovered:
D:1:      mrwooster_arrival_arrow, layout_rooms
D:2:      layout_rooms
D:3:      minmay_skewed_foursquare, layout_rooms,
          shapermc_ecumenical_altar_rom_forum,
          nicolae_concentric_dashed_squares_mild
D:4:      layout_rooms, nzn_overflow_gifts_of_might_and_magic,
          mainiacjoe_overflow_tiny_flanked, minmay_crossroads

Skill      XL: |  1  2  3  4  5 |
---------------+----------------+-----
Armour         | 4 |  4.9
Fighting       | 4 |  4.5
Long Blades    | 3 4 5 |  5.6
Shields        | 4 |  4.6
Dodging        | 1 |  1.1

Action                   |  1- 3 |  4- 6 || total
-------------------------+-------+-------++-------
Melee: Long sword        |    93 |    72 ||   165
       Headbutt          |    11 |     8 ||    19
  Use: Scroll            |       |     3 ||     3
Armor: Scale mail        |    45 |       ||    45
       Chain mail        |     6 |    54 ||    60
Dodge: Dodged            |    41 |    38 ||    79
Block: Buckler           |    29 |    26 ||    55
